 Dungeon Crawl Stone Soup version 0.32-a0-711-g016ad743e0 (webtiles) character file.

Game seed: 5052606678536229224

24 Nonseq the Trooper (level 3, 0/43 HPs)
             Began as a Human Berserker on Mar 15, 2024.
             Was a Follower of Trog.
             Slain by Terence
             ... wielding a +0 trident
              (2 damage)
             ... on level 2 of the Dungeon.
             The game lasted 00:01:29 (1012 turns).

Nonseq the Trooper (Human Berserker)                Turns: 1012, Time: 00:01:29

Health: 0/43       AC:  3    Str: 17    XL:     3   Next: 2%
Magic:  3/3        EV: 11    Int:  7    God:    Trog [*.....]
Gold:   30         SH:  0    Dex: 14    Spells: 2/2 levels left

rFire   . . .        a - +0 falchion
rCold   . . .        (no shield)
rNeg    . . .        e - +0 leather armour
rPois   .            (no helmet)
rElec   .            (no cloak)
rCorr   .            (no gloves)
SInv    .            (no boots)
Will    .....        (no amulet) Stlth
                     (no ring)
HPRegen 0.27/turn    (no ring)
MPRegen 0.08/turn

%: no passive effects
@: berserking (expiring), very quick
A: explore regen
a: Renounce Religion, Berserk


You were on level 2 of the Dungeon.
You worshipped Trog.
Trog was aware of your devotion.
You visited 1 branch of the dungeon, and saw 2 of its levels.

You collected 30 gold pieces.

Inventory:

Hand Weapons
 a - a +0 falchion (weapon)
 h - a +1 short sword of speed
Armour
 e - a +0 leather armour (worn)
Scrolls
 b - a scroll of noise {unknown}
 c - 2 scrolls of revelation
 i - 2 scrolls of fog


   Skills:
 * Level 3.4 Fighting
 * Level 3.3 Long Blades
 + Level 2.2 Armour
 + Level 2.2 Dodging


You had 2 spell levels left.
You didn't know any spells.
Your spell library was empty.

Dungeon Overview and Level Annotations

Branches:
Dungeon (2/15)

Altars:

Annotations:
D:2 Terence


Innate Abilities, Weirdness & Mutations

You regain HP and MP as you explore.


Message History

You are too injured to fight recklessly!
You are too injured to fight recklessly!
You are too injured to fight recklessly!
You are too injured to fight recklessly!
Okay, then.
Okay, then.
You feel yourself speed up. Terence hits you with a +0 trident.
* * * LOW HITPOINT WARNING * * *
Terence hits you but does no damage.
There is a stone staircase leading up here.
You climb upwards.
There is a stone staircase leading down here.
Your extra speed is starting to run out.
You feel yourself slow down.
HP restored.
Done exploring.
Done exploring.
You climb downwards.
Level annotation: Terence
There is a stone staircase leading up here.
You see here a +0 robe.
Terence hits you from afar with a +0 trident!
Terence hits you with a +0 trident.
A red film seems to cover your vision as you go berserk!
You feel yourself moving faster!
You feel mighty! Terence hits you with a +0 trident.
You barely miss Terence. Terence hits you with a +0 trident.
You closely miss Terence. Terence hits you with a +0 trident.
* * * LOW HITPOINT WARNING * * *
You slash Terence!
Terence is severely wounded.
You barely miss Terence.
Terence is severely wounded.
Terence hits you with a +0 trident!
* * * LOW HITPOINT WARNING * * *
You hit Terence.
Terence is almost dead.
Terence hits you with a +0 trident.
You die...
Terence says, "That felt goooood."

...####### ##
#......... .
#......... #.
#.<.......
#.##.........
#......######
#.##...[.##
#........#
#####..@.#
#..@.# #....#
#....# .....#
.......
########


You could see Terence.

Vanquished Creatures
  2 ball pythons (D:1)
  2 endoplasms (D:1)
  2 giant cockroaches (D:1)
  A goblin (D:1)
  3 hobgoblins (D:1)
  3 kobolds (D:1)
  7 bats (D:1)
  A frilled lizard (D:1)
  A rat (D:1)
22 creatures vanquished.

Notes
Turn   | Place    | Note
-------+----------+-------------------------------------------
     0 | D:1      | Nonseq the Human Berserker began the quest for the Orb.
     0 | D:1      | Reached XP level 1. HP: 18/18 MP: 1/1
   181 | D:1      | Reached XP level 2. HP: 8/24 MP: 2/2
   666 | D:1      | Reached XP level 3. HP: 27/29 MP: 3/3
   880 | D:2      | Noticed Terence
  1011 | D:2      | HP: 2/43 [Terence/+0 trident (10)]
  1012 | D:2      | Slain by Terence

Illustrated notes

Levels and vault maps discovered:
D:1:      minmay_arrival_arboretum_small, layout_loops_ring, serial_forest,
          infiniplex_forest_clump_diagonal, infiniplex_forest_clump_double,
          infiniplex_forest_clump_double, infiniplex_forest_clump_small,
          infiniplex_forest_lined_3, minmay_heptomino_h4
D:2:      layout_basic, dreamdust_wishing_well, minmay_statues_item,
          nicolae_houndstooth_variations, uniq_terence, uniq_robin

Action                     || total
---------------------------++-------
  Melee: Falchion          ||    84
 Invoke: Berserk           ||     1
    Use: Scroll            ||     7
         Potion            ||     1
 Armour: Animal skin       ||    51
         Leather armour    ||    20
  Dodge: Dodged            ||    65

Table legend: (Time is in decaauts)
 A = Elapsed time spent in this place.
 B = Non-inter-level travel time spent in this place.
 C = Inter-level travel time spent in this place.
 D = Time resting spent in this place.
 E = Time spent auto-exploring this place.
 F = Levels seen in this place.
 G = Mean time per level.
                   A        B        C        D        E       F      G
               +--------+--------+--------+--------+--------+-----+--------+
         Total |   1006 |    979 |     27 |      4 |    737 |   2 |  503.0 |
       Dungeon |   1006 |    979 |     27 |      4 |    737 |   2 |  503.0 |
               +--------+--------+--------+--------+--------+-----+--------+

Top non-repeatable levels by time:
     D:1: 985 daAuts
     D:2: 21 daAuts
